[Event "Late-Titled-Tuesday-Blitz-April-23-2024"]
[Site "Chess.com"]
[Date "2024.04.23"]
[Round "1"]
[White "kalinchick"]
[Black "Karacsonyi_Gellert"]
[Result "0-1"]
[WhiteElo "2441"]
[BlackElo "2754"]
[TimeControl "180+1"]
[EndTime "14:09:21 PDT"]
[Termination "Karacsonyi_Gellert won by resignation"]

1. d4 f5 2. g3 Nf6 3. Bg2 g6 4. c4 Bg7 5. Nc3 O-O 6. Nf3 e6 7. O-O d6 8. Qc2 Nc6 9. d5 Ne5 10.
Nd2 c6 11. h3 Nf7 12. dxc6 bxc6 13. Bxc6 Rb8 14. Bg2 Bb7 15. b3 Bxg2 16. Kxg2 g5 17. Bb2 g4 18. h4 f4 19. Nce4 e5 20.
Nxf6+ Bxf6 21. Qe4 Nh6 22. Rfd1 Qe7 23. Nf1 Kg7 24. Rd3 Rbd8 25. Rad1 Nf7 26. Qf5 Kh8 27. Qxg4 Rg8 28. Qh5 Bxh4 29. Nd2 Bf6 30. Rh1 Rg7 31. Ne4 Rdg8 32. Ba3 Qb7 33. Rd5 Be7 34. Qf5 Qa6 35. Bb4 Qxa2 36. Bxd6 Bxd6 37. Nxd6 Qxe2 38. Nxf7+ Rxf7 39. Qxe5+ Qxe5 40. Rxe5 f3+ 41. Kh2 Rb8 42. Re3 Rb6 43. Ra1 Kg7 44. Ra4 Rh6+ 45. Kg1 Rd6 46. c5 Rd1+ 47. Kh2 Rf1 48. Rf4 Rxf2+ 49. Kh3 Rf1 50.
Kg4 f2 51. Rxf7+ Kxf7 52. Kf3 Rc1 53. Kxf2 Rxc5 54. Rf3+ Kg7 55. Rd3 Rc7 56. Ke3 Re7+ 57. Kf3 Rb7 58. Rc3 Kf6 59. Rc6+ Ke5 60. Rc3 Kd4 61.
Re3 Rf7+ 62. Ke2 Rc7 63. Kf3 Rb7 64. Ke2 a5 65. Rd3+ Ke4 66. Re3+ Kf5 67. Kf3 Kg5 68.
Rc3 Kf6 69. Rc6+ Kf7 70. Rc3 Ke6 71. Re3+ Kd5 72. Rd3+ Kc5 73. Ke3 Kb4 74. Kf3 Ka3 75. Rd5 Rxb3+ 76. Kg4 a4 77. Kg5 Rxg3+ 78. Kh6 Rh3+ 79. Kg7 Kb3 80. Kf6 a3 81. Rb5+ Kc2 82. Rc5+ Rc3 83. Ra5 Kb2 84. Rb5+ Rb3 85. Rh5 a2 86.
Rh2+ Ka3 87. Rxh7 a1=Q+ 0-1

[Event "Late-Titled-Tuesday-Blitz-April-23-2024"]
[Site "Chess.com"]
[Date "2024.04.23"]
[Round "1"]
[White "ccccvhhhj"]
[Black "kingofthenil"]
[Result "1-0"]
[WhiteElo "2474"]
[BlackElo "2786"]
[TimeControl "180+1"]
[EndTime "14:09:36 PDT"]
[Termination "ccccvhhhj won on time"]

1. e4 Nc6 2. Nf3 d5 3. e5 Bg4 4. d4 e6 5. c3 f6 6. Bb5 fxe5 7. dxe5 Ne7 8. Bf4 Ng6 9. Bg3 Bc5 10. Nbd2 O-O 11. Bxc6 bxc6 12. Qa4 Bxf3 13. Nxf3 Qd7 14. O-O Rf7 15. Qc2 Raf8 16. b4 Bb6 17. a4 a6 18.
a5 Ba7 19. Qe2 Qc8 20. Nd4 Ne7 21. Bh4 Bxd4 22. Bxe7 Bxc3 23. Rac1 Rxe7 24. Rxc3 Qb7 25.
Qb2 Rf4 26. Rb1 Ref7 27. f3 R7f5 28. Re3 Rc4 29. h3 Rff4 30. Rb3 h5 31. Kh2 h4 32. Qa3 Qb5 33. Rc3 Rxc3 34. Qxc3 d4 35. Qd2 Qxe5 36. Kh1 Qd6 37. Qd3 Rf5 38. Qxa6 d3 39. Rd1 d2 40. Qe2 Rd5 41. a6 Re5 42. Qxd2 Qxd2 43.
Rxd2 Re1+ 44. Kh2 Ra1 45. Rd8+ Kf7 46. Ra8 Kf6 47. a7 Ke5 48. Rg8 Rxa7 49. Rxg7 Ra4 50.
Rg4 c5 51. Rg5+ Kf6 52. Rxc5 Rxb4 53. Rxc7 Kg5 54. Rg7+ Kh6 55. Rg4 Rb2 56. Rxh4+ Kg5 57. Re4 Kf5 58. Kg3 e5 59. Rh4 Rc2 60. Rh5+ Kf6 61.
Rh6+ Kf5 62. Rh8 Kg5 63. Rg8+ Kf5 64. h4 Rc1 65. Kh2 Rc6 66. Kh3 Rc1 67. Rf8+ Kg6 68. Re8 Kf5 69. Kg3 Rc7 70. Rf8+ Ke6 71. Kh3 Ke7 72. Rf5 Ke6 73. Rf8 Rg7 74. g4 Ke7 75. Rf5 Ke6 76. h5 Ra7 77. Kh4 Ra1 78. Kg5 Rh1 79. h6 Rh3 80. Rf6+ Kd5 81. Rg6 Rxf3 82. h7 Rf8 83. Rg8 Rf7 84. h8=Q e4 85. Rd8+ Kc4 86. Qd4+ Kb5 87. Rb8+ Kc6 88. Rc8+ Kb7 89. Rc1 Re7 90.
Qb4+ 1-0

[Event "Late-Titled-Tuesday-Blitz-April-23-2024"]
[Site "Chess.com"]
[Date "2024.04.23"]
[Round "1"]
[White "HajiyevKanan"]
[Black "Navyblue1"]
[Result "1/2-1/2"]
[WhiteElo "2607"]
[BlackElo "2265"]
[TimeControl "180+1"]
[EndTime "14:10:04 PDT"]
[Termination "Game drawn by repetition"]

1. d4 Nf6 2. Nf3 g6 3. g3 Bg7 4. Bg2 O-O 5. O-O d6 6. b3 c5 7. Bb2 cxd4 8. Nxd4 a6 9. c4 Qc7 10. Nc3 Nc6 11. Qd2 Nxd4 12. Qxd4 Bd7 13. Nd5 Qd8 14. Nb6 Rb8 15. Nxd7 Qxd7 16. Qd2 b5 17. Rac1 bxc4 18. Rxc4 Rfc8 19. Rfc1 Rxc4 20. Rxc4 Rc8 21. Qb4 Rxc4 22.
Qxc4 a5 23. Qa6 Qc7 24. Qa8+ Bf8 25. Bxf6 exf6 26. Bc6 Kg7 27. Kg2 Be7 28. h4 h5 29.
Qe8 f5 30. Bd5 Bf6 31. a4 Bc3 32. Bc4 Be5 33. e3 Bf6 34. Kg1 Be5 35. Qb5 Bc3 36.
Qd5 Bf6 37. Kf1 Bc3 38. Ke2 Be5 39. f4 Bf6 40. Kf3 Bc3 41. e4 fxe4+ 42. Kxe4 Qe7+ 43.
Kd3 Bf6 44. Qe4 Qxe4+ 45. Kxe4 Bc3 46. Kd5 Bb4 47. Ke4 f5+ 48. Ke3 Kf6 49. Bd5 Be1 50. Kf3 Ke7 51. Bc4 Kf6 52. Kg2 Ke7 53. Bd5 Kf6 54. Bc6 Ke7 55. Bb5 Kf6 56. Bc4 Ke7 57.
Kh2 Kf6 58. Kh3 Ke7 59. Bb5 Kf6 60. Be8 Bf2 61. Bc6 Be1 62. Kh2 Bf2 63. Kg2 Be1 64. Bd5 Ke7 65. Kh2 Kf6 66. Bc4 Bf2 67. b4 axb4 68. a5 Ba7 69. Kg2 Ke7 70. Kf3 Kf6 71. a6 Ke7 72. Ke2 Kd7 73. Bf7 Kc6 74.
Bxg6 Kb6 75. Bxh5 Kxa6 76. Bg6 Bd4 77. Bxf5 Kb5 78. Kd3 Bf6 79. Bd7+ Kc5 80. h5 b3 81. Ba4 Kb4 82. Bd7 Ka3 83. Be6 b2 84. Kc2 Bd4 85.
g4 Be3 86. f5 Bg5 87. Bd5 Kb4 88. Kxb2 Kc5 89. Bf3 d5 90. Kc3 Bf6+ 91. Kd3 Bg5 92. Bd1 Kd6 93. Kd4 Bf6+ 94. Ke3 Bg5+ 95. Kd4 Bf6+ 96.
Kd3 Bg5 97. Ke2 Ke5 98. Kf3 d4 99. Bc2 Kf6 100. Ke4 Be3 101. Bd1 Kg5 102. Be2 Kf6 103. Kd5 Kg5 104. Ke6 d3 105. Bxd3 Kxg4 106. f6 Kxh5 107. f7 Bc5 108. Kf6 Kh4 109. Bc4 Kg3 110. Kg7 Kf4 111. Kg8 Ke5 112. Bb3 Bd6 113. Kg7 Bc5 114. Ba2 Bd6 115. Kg8 Bc5 116. Kg7 Bd6 117. Kg6 Bc5 118. Kg5 Bd6 119. Kg4 Bc5 120. Kf3 Bd6 121. Ke3 Kf6 122. Kd3 Kg7 123. Bd5 Kf8 124. Ke4 Be7 125. Kf5 Bd6 126. Ke6 Be7 127. Bc4 Ba3 128. Kd7 Bb4 129. Kc6 Ba3 130. Kb5 Bc1 131. Bd5 Bh6 132. Kc4 Bg7 133. Kd3 Bh6 134. Ke4 Bg7 135. Kf5 Ba1 136. Kg6 Bb2 137. Kf5 Ba3 138. Ke6 Bb2 139. Be4 Ba1 140. Bg6 Bb2 141. Bh5 Ba1 142. Bg4 Bb2 143. Bf3 Ba1 144. Be2 Bb2 145. Bf3 Ba1 146. Be2 Bb2 147. Bf3 1/2-1/2

[Event "Late-Titled-Tuesday-Blitz-April-23-2024"]
[Site "Chess.com"]
[Date "2024.04.23"]
[Round "1"]
[White "akanga001"]
[Black "MFatigue"]
[Result "1-0"]
[WhiteElo "2148"]
[BlackElo "2555"]
[TimeControl "180+1"]
[EndTime "14:10:48 PDT"]
[Termination "akanga001 won by resignation"]

1. d4 d5 2. c4 c6 3. Nc3 Nf6 4.
e3 e6 5. Nf3 Nbd7 6. g3 Bd6 7.
cxd5 exd5 8. Bg2 O-O 9. O-O Re8 10. Qc2 Qe7 11. Re1 Ne4 12. Nd2 f5 13. Nf3 Ndf6 14. b3 Nxc3 15. Qxc3 Bb4 16. Qd3 Bxe1 17. Nxe1 Ne4 18. a4 a5 19. Ba3 Qc7 20. Nf3 Nd6 21.
Ne5 Nf7 22. f4 Nxe5 23. fxe5 Be6 24. Rc1 Qf7 25. Bd6 g5 26. Rf1 Qg6 27. Bh3 g4 28.
Bg2 h5 29. Rf4 Red8 30. Bc5 Rd7 31. Bb6 Ra6 32. Bc5 Rh7 33. Qc2 h4 34. Bf1 hxg3 35. hxg3 Qh5 36. Kf2 Qh2+ 37. Bg2 Rh3 38. Rxf5 Qxg3+ 39. Kf1 Rh6 40. Rg5+ Kf7 41. Rf5+ Ke8 42. Rf8+ Kd7 43.
Qf2 Qxf2+ 44. Kxf2 Rh7 45. Bf1 Rf7+ 46. Rxf7+ Bxf7 47. Bxa6 bxa6 48. Kg3 Be6 49. Bb6 Bf5 50. Bxa5 Ke6 51. Be1 Kf7 52. Kf4 Kg6 53. Bh4 Be6 54.
Bd8 Kh5 55. Kg3 Bf5 56. Kf4 Kg6 57. b4 Be6 58. a5 Kh5 59. Be7 Kg6 60. Bh4 Bd7 61.
Bf6 Kf7 62. Bg5 Ke8 63. Bh4 Be6 64. Bg5 Kd7 65. Bh4 Kc7 66. Kg5 Kd7 67. Kf6 Bg8 68. Kg5 Be6 69. Kf6 Bg8 70. Kg5 g3 71. Bxg3 Ke6 72. Bf4 Bh7 73. Kh6 Be4 74. Kg7 Ke7 75. Kg8 Ke8 76. Kg7 Ke7 77. Kh6 Kf7 78.
Kg5 Ke6 79. Kh6 Kf7 80. Kg5 Bd3 81. Kg4 Bc2 82. Kg5 Bd3 83. Kh6 Bf5 84. Kg5 Bb1 85.
Kh6 Kg8 86. Kg5 Kg7 87. Kg4 Kg6 88. Bg5 Bc2 89. Kf4 Bd1 90. Bd8 Be2 91. e6 Bf1 92. Ke5 Bb5 93. Kd6 Kf5 94. e7 c5 95. e8=N Bxe8 96.
Kxd5 cxb4 97. Kc4 Ke4 98. Bg5 Bb5+ 99. Kxb4 Kd5 100. Kc3 Be2 101. Kb4 Bb5 102. Kc3 Bf1 103. Kd2 Bb5 104. Ke1 Ke4 105. Kf2 Bc4 106. Ke1 Bd5 107. Kf2 Bb3 108. Kg3 Bc4 109. Kh4 Bb5 110. Kh5 Bc6 111. Kh6 Kd3 112. Kg7 Kc4 113. Kf6 Kb5 114. Ke7 Kxa5 115. Kd6 Kb5 116. d5 Be8 117. e4 a5 118. e5 a4 119. Bf6 a3 120. e6 a2 121. Ke7 Bh5 122. d6 Kc6 123. d7 Bg4 124. d8=Q 1-0

[Event "Late-Titled-Tuesday-Blitz-April-23-2024"]
[Site "Chess.com"]
[Date "2024.04.23"]
[Round "2"]
[White "Casablanca"]
[Black "MagnusCarlsen"]
[Result "0-1"]
[WhiteElo "2688"]
[BlackElo "3226"]
[TimeControl "180+1"]
[EndTime "14:12:06 PDT"]
[Termination "MagnusCarlsen won by resignation"]

1. d4 d5 2. c4 e5 3. dxe5 Ne7 4. cxd5 Qxd5 5. Qxd5 Nxd5 6. Nf3 Nb4 7. Na3 N8c6 8. e3 Be6 9. b3 O-O-O 10. Bc4 Bxc4 11.
Nxc4 Nc2+ 12. Ke2 Nxa1 13. Bb2 Nc2 14. Rc1 N2b4 0-1

[Event "Late-Titled-Tuesday-Blitz-April-23-2024"]
[Site "Chess.com"]
[Date "2024.04.23"]
[Round "2"]
[White "giomar27"]
[Black "HipsterChess22"]
[Result "1-0"]
[WhiteElo "2496"]
[BlackElo "2232"]
[TimeControl "180+1"]
[EndTime "14:12:47 PDT"]
[Termination "giomar27 won by resignation"]

1. d4 d5 2. Nc3 Nf6 3. Bf4 c5 4. e4 Nxe4 5. Nxe4 dxe4 6. dxc5 Qa5+ 7. c3 Qxc5 8. Qa4+ Bd7 9. Qxe4 Bf5 10. Qxb7 Qc6 11.
Bb5 1-0

[Event "Late-Titled-Tuesday-Blitz-April-23-2024"]
[Site "Chess.com"]
[Date "2024.04.23"]
[Round "2"]
[White "manmanlai1"]
[Black "Iuckyducky"]
[Result "1-0"]
[WhiteElo "2515"]
[BlackElo "2264"]
[TimeControl "180+1"]
[EndTime "14:13:15 PDT"]
[Termination "manmanlai1 won by resignation"]

1. e4 e5 2. Nf3 d6 3. d4 exd4 4. Nxd4 Nf6 5. Nc3 g6 6. Be3 Bg7 7. Qd2 Nc6 8. f3 Be6 9. O-O-O O-O 10. h4 Ne5 11. Bh6 Bc4 12. Bxg7 Kxg7 13. f4 Bxf1 14. fxe5 dxe5 15. Nf5+ gxf5 16. Qg5+ Kh8 17. Rxd8 1-0

[Event "Late-Titled-Tuesday-Blitz-April-23-2024"]
[Site "Chess.com"]
[Date "2024.04.23"]
[Round "2"]
[White "flubs"]
[Black "ferrufino64"]
[Result "1-0"]
[WhiteElo "2518"]
[BlackElo "2294"]
[TimeControl "180+1"]
[EndTime "14:13:29 PDT"]
[Termination "flubs won by resignation"]

1. Nf3 d5 2. c4 e6 3. e3 Nf6 4. Be2 Bd6 5. O-O O-O 6. Qc2 c6 7. b3 b6 8. Bb2 Nbd7 9. cxd5 exd5 10. Qxc6 Nb8 11. Qxa8 Qe7 12. Bxf6 Qxf6 13. Nc3 d4 14.
Nxd4 Nd7 15. Ne4 Qe7 16. Nxd6 Qxd6 17. Rac1 g6 18. Rxc8 1-0

[Event "Late-Titled-Tuesday-Blitz-April-23-2024"]
[Site "Chess.com"]
[Date "2024.04.23"]
[Round "2"]
[White "sergoy"]
[Black "djano"]
[Result "1-0"]
[WhiteElo "2938"]
[BlackElo "2627"]
[TimeControl "180+1"]
[EndTime "14:13:46 PDT"]
[Termination "sergoy won by checkmate"]

1. d4 d5 2. c4 e6 3. Nf3 c5 4. e3 Nf6 5. Nc3 a6 6. cxd5 exd5 7. Be2 Nc6 8. O-O Bd6 9. dxc5 Bxc5 10. b3 O-O 11.
Bb2 Be6 12. Rc1 Qe7 13. Na4 Bd6 14. Nd4 Nxd4 15. Qxd4 Rad8 16. Bf3 Ne8 17. Nb6 Nc7 18. Qxg7# 1-0

[Event "Late-Titled-Tuesday-Blitz-April-23-2024"]
[Site "Chess.com"]
[Date "2024.04.23"]
[Round "2"]
[White "Hongjin"]
[Black "Giantgoogachess"]
[Result "1-0"]
[WhiteElo "2640"]
[BlackElo "2290"]
[TimeControl "180+1"]
[EndTime "14:13:52 PDT"]
[Termination "Hongjin won by resignation"]

1. e4 c5 2. Be2 e6 3. f4 d5 4. d3 g6 5. Nf3 Bg7 6. O-O Ne7 7. c3 O-O 8. Qe1 Nbc6 9. Qh4 b6 10.
Nbd2 Ba6 11. e5 Nf5 12. Qf2 d4 13. c4 Ne3 14. Ne4 Nxf1 15. Bxf1 Ne7 16. g3 Qc7 17.
Bd2 Bb7 18. Nf6+ Bxf6 19. exf6 Nf5 20. Re1 Rad8 21. Ne5 Ba8 22. g4 Ne3 23. Bxe3 dxe3 24. Rxe3 Qb7 25. Qh4 Qh1+ 26. Kf2 Rd4 27. Qh6 Rxf4+ 28.
Qxf4 1-0

[Event "Late-Titled-Tuesday-Blitz-April-23-2024"]
[Site "Chess.com"]
[Date "2024.04.23"]
[Round "2"]
[White "szachmistrz2500"]
[Black "Sokoloco"]
[Result "0-1"]
[WhiteElo "2457"]
[BlackElo "2758"]
[TimeControl "180+1"]
[EndTime "14:14:02 PDT"]
[Termination "Sokoloco won by resignation"]

1. d4 d6 2. c4 e5 3. Nf3 e4 4. Ng5 f5 5. h4 Be7 6. g3 Nf6 7. Nc3 c6 8. d5 cxd5 9. Nxd5 Nc6 10. Bh3 h6 11. Nf4 hxg5 12. hxg5 Ng4 13. Ng6 Rh7 14. Bf4 Qb6 15. e3 Qxb2 0-1

[Event "Late-Titled-Tuesday-Blitz-April-23-2024"]
[Site "Chess.com"]
[Date "2024.04.23"]
[Round "2"]
[White "JG-17"]
[Black "crosky"]
[Result "1-0"]
[WhiteElo "2544"]
[BlackElo "2355"]
[TimeControl "180+1"]
[EndTime "14:14:09 PDT"]
[Termination "JG-17 won by resignation"]

1. d4 Nf6 2. Bf4 c5 3. e3 Qb6 4. b3 g6 5. Nf3 Bg7 6. Nbd2 d6 7.
dxc5 Qxc5 8. Rc1 O-O 9. c4 Bf5 10. Nd4 Ne4 11. Nxf5 gxf5 12. Bd3 e5 13. Bxe4 exf4 14.
Bxb7 fxe3 15. fxe3 Nc6 16. Bxa8 Rxa8 17. Qf3 Ne5 18.
Qxa8+ 1-0

[Event "Late-Titled-Tuesday-Blitz-April-23-2024"]
[Site "Chess.com"]
[Date "2024.04.23"]
[Round "2"]
[White "Shankland"]
[Black "Airquake"]
[Result "1-0"]
[WhiteElo "3061"]
[BlackElo "2661"]
[TimeControl "180+1"]
[EndTime "14:14:12 PDT"]
[Termination "Shankland won by checkmate"]

1. e4 c5 2. Nf3 d6 3. d4 cxd4 4. Nxd4 Nf6 5. Nc3 a6 6. Be2 e5 7. Nb3 Be7 8. Be3 O-O 9. g4 Be6 10. g5 Nfd7 11. h4 Nc5 12. Qd2 b5 13. O-O-O b4 14.
Nxc5 dxc5 15. Qxd8 Rxd8 16. Rxd8+ Bxd8 17. Na4 c4 18. Nc5 Bc8 19. Bxc4 Nd7 20. Rd1 Nxc5 21.
Rxd8# 1-0

[Event "Late-Titled-Tuesday-Blitz-April-23-2024"]
[Site "Chess.com"]
[Date "2024.04.23"]
[Round "2"]
[White "Byniolus"]
[Black "whiteglovethief"]
[Result "1-0"]
[WhiteElo "2803"]
[BlackElo "2562"]
[TimeControl "180+1"]
[EndTime "14:14:16 PDT"]
[Termination "Byniolus won by resignation"]

1. d4 Nf6 2. Nf3 g6 3. Bf4 Bg7 4. e3 d5 5. c3 O-O 6. Be2 b6 7. O-O Bb7 8. a4 Nbd7 9. a5 c5 10. h3 Rc8 11. Nbd2 Ne4 12. axb6 Nxd2 13. Qxd2 Qxb6 14.
Ra2 cxd4 15. exd4 Ra8 16. Rfa1 a5 17. Bd3 e6 18. Qe2 Bc6 19. Ne1 Rab8 20. Bxb8 1-0

[Event "Late-Titled-Tuesday-Blitz-April-23-2024"]
[Site "Chess.com"]
[Date "2024.04.23"]
[Round "2"]
[White "FM_Kappeler"]
[Black "ElDivis"]
[Result "1-0"]
[WhiteElo "2275"]
[BlackElo "2489"]
[TimeControl "180+1"]
[EndTime "14:14:29 PDT"]
[Termination "FM_Kappeler won by resignation"]

1. d4 Nf6 2. c4 e6 3. g3 d5 4. Bg2 Be7 5. Nf3 O-O 6. O-O a5 7. Qc2 a4 8. Nbd2 c6 9. e4 dxe4 10. Nxe4 Nxe4 11. Qxe4 Nd7 12. Bf4 Nf6 13. Qe2 a3 14. b3 b5 15. Ne5 Bb7 16. Nxc6 Bxc6 17. Bxc6 bxc4 18. Bxa8 Qxa8 19. bxc4 Rd8 20. Rfd1 Ne4 21.
Rac1 Bg5 22. Qe3 Bxf4 23. Qxf4 Nf6 24. h3 Qc6 25. d5 Qe8 26. dxe6 fxe6 27. Rxd8 Qxd8 28.
Qe5 1-0

[Event "Late-Titled-Tuesday-Blitz-April-23-2024"]
[Site "Chess.com"]
[Date "2024.04.23"]
[Round "2"]
[White "Smiechu"]
[Black "PNEPaul"]
[Result "1-0"]
[WhiteElo "2444"]
[BlackElo "1914"]
[TimeControl "180+1"]
[EndTime "14:14:30 PDT"]
[Termination "Smiechu won by resignation"]

1. e4 e5 2. Nf3 Nc6 3. d4 exd4 4.
Nxd4 Be7 5. c4 d6 6. Nc3 Nf6 7.
Be3 O-O 8. Be2 Ne5 9. h3 c5 10.
Nf3 Nxf3+ 11. Bxf3 Be6 12. Be2 Qa5 13. O-O h6 14.
Qd2 Kh7 15. Bd3 Ng8 16. f4 Bf6 17. e5+ 1-0

[Event "Late-Titled-Tuesday-Blitz-April-23-2024"]
[Site "Chess.com"]
[Date "2024.04.23"]
[Round "2"]
[White "Sargsyan_Shant"]
[Black "ELPRIMO0O0"]
[Result "1-0"]
[WhiteElo "2975"]
[BlackElo "2637"]
[TimeControl "180+1"]
[EndTime "14:14:32 PDT"]
[Termination "Sargsyan_Shant won by resignation"]

1. c4 Nf6 2. g3 g6 3. Bg2 Bg7 4. Nc3 O-O 5. d3 d6 6. Rb1 e5 7. Nf3 Nc6 8. O-O Bg4 9. b4 Qd7 10. b5 Ne7 11. Bg5 h6 12. Bxf6 Bxf6 13. Nd2 c6 14. Qb3 Bg7 15. bxc6 bxc6 16. Qb7 Qe6 17. Bxc6 Nxc6 18. Qxc6 Bh3 19. Rfc1 h5 20. Nf3 Bh6 21. Rd1 Rac8 22. Qd5 Qf5 23. Qxd6 Rfe8 24. Ne4 Rcd8 25. Nf6+ Kh8 26. Nxe8 Rxd6 27. Nxd6 Qe6 28. Nxe5 1-0

[Event "Late-Titled-Tuesday-Blitz-April-23-2024"]
[Site "Chess.com"]
[Date "2024.04.23"]
[Round "2"]
[White "SharathRk6"]
[Black "olakenn"]
[Result "1-0"]
[WhiteElo "2442"]
[BlackElo "1909"]
[TimeControl "180+1"]
[EndTime "14:14:55 PDT"]
[Termination "SharathRk6 won by checkmate"]

1. e4 c6 2. d4 d5 3. Nc3 dxe4 4. Nxe4 Bf5 5. Ng3 Bg6 6. h4 h6 7. Nf3 Nd7 8. h5 Bh7 9. Bd3 Bxd3 10. Qxd3 e6 11. Bf4 Ngf6 12. O-O-O Qa5 13. Kb1 Be7 14.
Ne4 Nd5 15. Bd2 Nb4 16. Bxb4 Bxb4 17. g4 Be7 18. Rhe1 O-O 19. Rg1 b5 20. g5 hxg5 21.
Nexg5 Nf6 22. h6 g6 23. Nxe6 Kh7 24. Nfg5+ Kxh6 25. Rh1+ Nh5 26. Rxh5+ Kxh5 27. Qh3# 1-0

[Event "Late-Titled-Tuesday-Blitz-April-23-2024"]
[Site "Chess.com"]
[Date "2024.04.23"]
[Round "2"]
[White "scandalgod"]
[Black "jaramsdal"]
[Result "1-0"]
[WhiteElo "2507"]
[BlackElo "2251"]
[TimeControl "180+1"]
[EndTime "14:14:57 PDT"]
[Termination "scandalgod won by resignation"]

1. d4 Nf6 2. c4 g6 3. Nc3 d5 4.
Bg5 Ne4 5. Bh4 Nxc3 6. bxc3 dxc4 7. e3 b5 8. a4 c6 9. axb5 cxb5 10. Qf3 Nc6 11. Qxc6+ Bd7 12. Qe4 a5 13. Nf3 Bf5 14. Qe5 b4 15. Bxc4 f6 16. Bxf6 1-0

[Event "Late-Titled-Tuesday-Blitz-April-23-2024"]
[Site "Chess.com"]
[Date "2024.04.23"]
[Round "2"]
[White "Cluke86"]
[Black "KingCyber19"]
[Result "0-1"]
[WhiteElo "2318"]
[BlackElo "2526"]
[TimeControl "180+1"]
[EndTime "14:15:05 PDT"]
[Termination "KingCyber19 won by resignation"]

1. e4 e5 2. Nf3 Nc6 3. d4 exd4 4. Bc4 Nf6 5. O-O Nxe4 6. Re1 d5 7. Bxd5 Qxd5 8. Nc3 Qd7 9. Nxe4 Be7 10. Bg5 O-O 11. Bxe7 Qxe7 12. Nxd4 Bd7 13. Qd2 Rad8 14. Rad1 Bg4 15.
Nxc6 bxc6 16. Nc3 Rxd2 17. Rxe7 Bxd1 0-1

[Event "Late-Titled-Tuesday-Blitz-April-23-2024"]
[Site "Chess.com"]
[Date "2024.04.23"]
[Round "2"]
[White "xberli"]
[Black "TenisMaster"]
[Result "0-1"]
[WhiteElo "2631"]
[BlackElo "2961"]
[TimeControl "180+1"]
[EndTime "14:15:07 PDT"]
[Termination "TenisMaster won by resignation"]

1. d4 Nf6 2. c4 e6 3. Nc3 Bb4 4. a3 Bxc3+ 5. bxc3 d6 6. Bg5 c5 7. e3 Qa5 8. Bd3 cxd4 9. Bxf6 gxf6 10. exd4 Qxc3+ 11. Kf1 Qxd4 12. Nf3 Qc5 13. h4 Bd7 14. h5 Bc6 15.
Be2 Nd7 16. Rb1 Rg8 17. Qc2 f5 18. Rh3 Ne5 19. Ne1 Be4 20. Bd3 Nxd3 21. Nxd3 Bxg2+ 22. Ke2 Qd4 23. Rh2 Bf3+ 24. Kd2 Rc8 25. Rb4 Be4 26.
Rh3 Rg2 0-1

[Event "Late-Titled-Tuesday-Blitz-April-23-2024"]
[Site "Chess.com"]
[Date "2024.04.23"]
[Round "2"]
[White "manitodeplomo"]
[Black "DrVelja"]
[Result "1-0"]
[WhiteElo "2655"]
[BlackElo "2974"]
[TimeControl "180+1"]
[EndTime "14:15:08 PDT"]
[Termination "manitodeplomo won on time"]

1. d4 Nf6 2. c4 e6 3. Nf3 d5 4. Nc3 dxc4 5. e3 a6 6. Bxc4 b5 7. Bb3 Bb7 8. O-O c5 9. Re1 Nbd7 10. e4 cxd4 11. Nxd4 Qb8 12. e5 Nxe5 13. Bf4 Bd6 14. Nxe6 fxe6 15. Qd4 Nfg4 16. Bxe6 1-0

[Event "Late-Titled-Tuesday-Blitz-April-23-2024"]
[Site "Chess.com"]
[Date "2024.04.23"]
[Round "2"]
[White "BabageldiAnnaberdiyev"]
[Black "Gravity_Chess"]
[Result "0-1"]
[WhiteElo "2602"]
[BlackElo "2877"]
[TimeControl "180+1"]
[EndTime "14:15:12 PDT"]
[Termination "Gravity_Chess won by resignation"]

1. e4 c5 2. Nf3 e6 3. d3 Nc6 4. Nbd2 g6 5. g3 Bg7 6. Bg2 Nge7 7. h4 O-O 8. h5 d5 9. h6 Bh8 10. O-O d4 11. Re1 e5 12. Nf1 Bf6 13. N1h2 Kh8 14. a4 Ng8 15. b3 g5 16. Bd2 Nxh6 17. Qc1 Rg8 18. Rf1 Ng4 19. Nxg4 Bxg4 20. Nh2 Be6 21. g4 a6 22. Bf3 b5 23. Kg2 c4 24. axb5 axb5 25. Rxa8 Qxa8 26. bxc4 bxc4 27. Rh1 c3 28. Be1 Rb8 29. Nf1 Qa2 30. Qd1 Rb1 31. Qe2 Nb4 32. Rh6 Bg7 33. Rxe6 fxe6 34. Bxc3 dxc3 35. Qe3 Nxc2 36. Qxg5 Rb8 37. Ng3 Ne1+ 0-1

[Event "Late-Titled-Tuesday-Blitz-April-23-2024"]
[Site "Chess.com"]
[Date "2024.04.23"]
[Round "2"]
[White "zano2023"]
[Black "ellatambien"]
[Result "0-1"]
[WhiteElo "2171"]
[BlackElo "2712"]
[TimeControl "180+1"]
[EndTime "14:15:12 PDT"]
[Termination "ellatambien won by resignation"]

1. d4 Nf6 2. Nd2 d5 3. Ngf3 g6 4. e3 Bg7 5. Bd3 O-O 6. O-O c5 7. c3 Nc6 8. Re1 b6 9. Qe2 Bb7 10. dxc5 bxc5 11. e4 e6 12. Ba6 Qb6 13. Bxb7 Qxb7 14.
exd5 exd5 15. Nb3 Rfe8 16. Qd1 Rxe1+ 17. Qxe1 Re8 18. Qd1 c4 19. Nbd4 Nxd4 20. Nxd4 Ne4 21. f3 Nc5 22. b4 Nd3 23. Bd2 Qb6 24. Qa4 Bxd4+ 25. Kf1 Re6 0-1

[Event "Late-Titled-Tuesday-Blitz-April-23-2024"]
[Site "Chess.com"]
[Date "2024.04.23"]
[Round "2"]
[White "spiritof_stlouis"]
[Black "colegiodemadrid"]
[Result "1-0"]
[WhiteElo "2345"]
[BlackElo "2516"]
[TimeControl "180+1"]
[EndTime "14:15:18 PDT"]
[Termination "spiritof_stlouis won by resignation"]

1. Nf3 d5 2. b3 g6 3. Bb2 Nf6 4.
g3 Bg7 5. Bg2 O-O 6. O-O a6 7. d3 a5 8. Nbd2 a4 9. Rb1 a3 10. Ba1 Nc6 11. e4 dxe4 12. dxe4 Nb4 13. e5 Ng4 14. h3 Nh6 15. c3 Nd3 16. Qe2 Nc5 17. Rfd1 Qe8 18. g4 Kh8 19. Nc4 Ne6 20. Qe3 Ng8 21. b4 Bh6 22. Qe4 Bd7 23. Nd4 Nxd4 24.
cxd4 Ba4 25. Re1 c6 26. e6 Nf6 27. d5 cxd5 28. Qxd5 Bc6 29. Qc5 Bxg2 30. Kxg2 Bg7 31. exf7 Rxf7 32. Nd6 exd6 33. Rxe8+ Rxe8 34. Qxd6 Ne4 35. Bxg7+ Kxg7 36. Qd4+ Kg8 37. Re1 1-0

[Event "Late-Titled-Tuesday-Blitz-April-23-2024"]
[Site "Chess.com"]
[Date "2024.04.23"]
[Round "2"]
[White "Zhigalko_Sergei"]
[Black "jup1978"]
[Result "1-0"]
[WhiteElo "2912"]
[BlackElo "2507"]
[TimeControl "180+1"]
[EndTime "14:15:19 PDT"]
[Termination "Zhigalko_Sergei won by resignation"]

1. g4 d5 2. Bg2 Bxg4 3. c4 Be6 4.
Qb3 Bc8 5. cxd5 Nf6 6. Nc3 g6 7. d4 Bg7 8. e4 c6 9. Nge2 O-O 10. O-O cxd5 11. e5 Nfd7 12. Bxd5 Nb6 13. Bg2 e6 14. Be3 Nc6 15. Rad1 Na5 16. Qc2 Nd5 17. Nf4 Nxf4 18. Bxf4 Bd7 19. d5 Qc8 20. d6 Bc6 21. Ne4 b6 22. b4 Nb7 23. Qxc6 Qxc6 24. Nf6+ Bxf6 25. Bxc6 1-0

[Event "Late-Titled-Tuesday-Blitz-April-23-2024"]
[Site "Chess.com"]
[Date "2024.04.23"]
[Round "2"]
[White "Chessdude1987"]
[Black "lupta_robin"]
[Result "0-1"]
[WhiteElo "2369"]
[BlackElo "2570"]
[TimeControl "180+1"]
[EndTime "14:15:19 PDT"]
[Termination "lupta_robin won by resignation"]

1. e4 Nc6 2. d4 d5 3. e5 Bf5 4. c3 f6 5. Nf3 fxe5 6. dxe5 e6 7. Bb5 Ne7 8. Nd4 Qd7 9. O-O h6 10. Bxc6 bxc6 11. Nxf5 Nxf5 12. Nd2 Bc5 13. Nb3 Bb6 14. a4 a5 15. Qg4 O-O 16. c4 dxc4 17. Qxc4 Qd5 18.
Qc2 Nh4 0-1

[Event "Late-Titled-Tuesday-Blitz-April-23-2024"]
[Site "Chess.com"]
[Date "2024.04.23"]
[Round "2"]
[White "mjelcic"]
[Black "HamedWafa4"]
[Result "0-1"]
[WhiteElo "2349"]
[BlackElo "2728"]
[TimeControl "180+1"]
[EndTime "14:15:26 PDT"]
[Termination "HamedWafa4 won by resignation"]

1. c4 e5 2. Nc3 Bb4 3. Nd5 Be7 4. g3 Nf6 5. Bg2 c6 6. Nxe7 Qxe7 7. d3 h6 8. e4 O-O 9. Ne2 b5 10. O-O bxc4 11.
dxc4 Na6 12. h3 Nc5 13. Qc2 a5 14. Be3 Bb7 15. Rfd1 Rfd8 16. b3 Ne6 17. Rd2 c5 18. Nc3 Nd4 19. Bxd4 cxd4 20. Nd5 Bxd5 21. exd5 Qc5 22.
Qf5 d6 23. g4 a4 24. Re1 axb3 25. axb3 Qb4 26. Red1 Qxb3 27. h4 Nh7 28. c5 dxc5 29. d6 Ra6 30. Be4 Nf8 31. d7 Qe6 32. Rc1 Qxf5 33. Bxf5 Nxd7 34. Bxd7 Rxd7 35. Rxc5 Re6 36. f3 e4 37. fxe4 Rxe4 38. Rg2 d3 39. Rc1 d2 40. Rd1 Re1+ 0-1